 Dungeon Crawl Stone Soup version 0.28.0-53-g5a82cb258f (webtiles) character file.

Game seed: 232698472461968031

312 DocClef the Firebug (level 6, -3/44 HPs)
             Began as a Gnoll Fire Elementalist on July 13, 2022.
             Succumbed to Edmund's poison
             ... on level 4 of the Dungeon.
             The game lasted 00:03:49 (4747 turns).

DocClef the Firebug (Gnoll Fire Elementalist)       Turns: 4747, Time: 00:03:50

Health: -3/44      AC:  2    Str:  7    XL:     6   Next: 42%
Magic:  1/14       EV: 13    Int: 16    God:
Gold:   204        SH:  0    Dex: 13    Spells: 2/15 levels left

rFire   . . .      SeeInvis .   g - +0 dagger
rCold   . . .      Faith    .   (no shield)
rNeg    . . .      Spirit   .   a - +0 robe
rPois   .          Reflect  .   (no helmet)
rElec   .          Harm     .   (no cloak)
rCorr   .          Rampage  .   (no gloves)
Will    .....                   (no boots)
Stlth   +++.......              (no amulet)
HPRegen 0.14/turn               (no ring)
MPRegen 0.14/turn               (no ring)

@: lethally poisoned (-3 -> -18)
A: fangs 1, strong nose, distributed training
a: no special abilities


You were on level 4 of the Dungeon.
You visited 2 branches of the dungeon, and saw 5 of its levels.

You collected 204 gold pieces.

Inventory:

Hand Weapons
 g - a +0 dagger (weapon)
Armour
 a - a +0 robe (worn)
Wands
 n - a wand of iceblast (6)
Scrolls
 b - a scroll of amnesia {unknown}
 c - a scroll of silence {unknown}
 d - 2 scrolls of teleportation {unknown}
 h - a scroll of enchant armour {unknown}
 j - 2 scrolls of holy word {unknown}
 m - a scroll of identify {unknown}
Potions
 e - 2 potions of curing {unknown}
 f - 3 potions of brilliance {unknown}
 i - a potion of heal wounds {unknown}
 k - a potion of flight {unknown}
 l - a potion of might {unknown}


   Skills:
 + Level 2.0 Fighting
 + Level 2.0 Short Blades
 + Level 2.0 Long Blades
 + Level 2.0 Axes
 + Level 2.0 Maces & Flails
 + Level 2.0 Polearms
 + Level 2.0 Staves
 + Level 2.0 Slings
 + Level 2.0 Bows
 + Level 2.0 Crossbows
 + Level 2.0 Throwing
 + Level 2.0 Armour
 + Level 5.0 Dodging
 + Level 4.6 Stealth
 + Level 2.0 Shields
 + Level 2.0 Unarmed Combat
 + Level 5.3 Spellcasting
 + Level 2.6 Conjurations
 + Level 1.5 Hexes
 + Level 1.5 Summonings
 + Level 1.5 Necromancy
 + Level 1.5 Translocations
 + Level 1.5 Transmutations
 + Level 5.6 Fire Magic
 + Level 1.5 Ice Magic
 + Level 1.5 Air Magic
 + Level 1.5 Earth Magic
 + Level 1.5 Poison Magic
 + Level 2.1 Invocations
 + Level 2.0 Evocations


You had 2 spell levels left.
You knew the following spells:

 Your Spells              Type           Power      Damage    Failure   Level
a - Foxfire               Conj/Fire      68%        2x1d7     2%          1
b - Scorch                Fire           44%        2d7       2%          2
c - Conjure Flame         Conj/Fire      17%        6-21      8%          3
d - Inner Flame           Hex/Fire       15%        N/A       10%         3
e - Flame Wave            Conj/Fire      17%        2d6       26%         4

Your spell library contained the following spells:

 Spells                   Type           Power      Damage    Failure   Level


Dungeon Overview and Level Annotations

Branches:
Dungeon (4/15)             Temple (1/1) D:4

Altars:
Ashenzari
Dithmenos
Elyvilon
Fedhas
Gozag
Kikubaaqudgha
Qazlal
Ru
Wu Jian
Yredelemnul
Zin
Lugonu

Shops:
D:4 (

Annotations:
D:4 Edmund


Innate Abilities, Weirdness & Mutations

You have very sharp teeth.
Your uncanny sense of smell can sniff out nearby items.
Your experience applies equally to all skills.


Message History

Edmund is heavily wounded.
Unknown command.
You conjure some foxfire!
The foxfire hits Edmund.
Edmund is severely wounded.
The foxfire hits Edmund but does no damage.
Edmund is severely wounded.
Edmund hits you with a +3 flail of venom!
You are poisoned.
You conjure some foxfire!
You feel very sick.
The foxfire hits Edmund but does no damage.
Edmund is severely wounded.
The foxfire hits Edmund.
Edmund is severely wounded.
Edmund hits you with a +3 flail of venom!
You are lethally poisoned!
You hit Edmund but do no damage.
Edmund is severely wounded.
You feel extremely sick.
The foxfire hits Edmund.
Edmund is almost dead.
The foxfire hits Edmund but does no damage.
Edmund is almost dead.
Edmund closely misses you.
Casting: Foxfire (safe; 2% risk of failure)
Confirm with . or Enter, or press ? or * to list all spells.
You don't know that spell.
Casting: Foxfire (safe; 2% risk of failure)
Confirm with . or Enter, or press ? or * to list all spells.
You don't have enough magic to cast this spell.
Casting: Foxfire (safe; 2% risk of failure)
Confirm with . or Enter, or press ? or * to list all spells.
You don't know that spell.
* * * LOW HITPOINT WARNING * * *
You feel very sick.
* * * LOW HITPOINT WARNING * * *
You feel very sick.
* * * LOW HITPOINT WARNING * * *
You feel very sick.
You die...

........##......#....#..
........†#......#...... .#
.............#........### .#
.............##.....#...##..
.....#...##........##.......
.?....#.#..#.......###......
...#..#....#.......###......
....##....#.................
#.....>.@.@......##........
#..#....##........##.†...#.
#.#....#..#..###.##...##.#.
# #..#.#......##......#....
.)##...#..................
... ..........##.##........
.#. ..$...............###...
# ............##.....###...
.. ......#....


You could see Edmund.

Vanquished Creatures
  A scorpion (D:4)
  2 hounds
  2 iguanas
  3 gnolls (D:3)
  3 adders
  An ufetubus (D:4)
  2 dart slugs
  7 orcs
  6 bats
  4 endoplasms
  8 giant cockroaches
  3 goblins
  5 hobgoblins
  11 jackals
  3 quokkas
  6 ball pythons
  A frilled lizard (D:2)
  2 kobolds
  4 rats
74 creatures vanquished.

Vanquished Creatures (others)
  445 foxfires
445 creatures vanquished.

Grand Total: 519 creatures vanquished

Notes
Turn   | Place    | Note
-------+----------+-------------------------------------------
     0 | D:1      | DocClef the Gnoll Fire Elementalist began the quest for the
                  | Orb.
     0 | D:1      | Reached XP level 1. HP: 13/13 MP: 6/6
   339 | D:1      | Reached XP level 2. HP: 19/19 MP: 2/7
   840 | D:1      | Learned a level 2 spell: Scorch
  1070 | D:2      | Reached XP level 3. HP: 25/25 MP: 7/9
  1074 | D:2      | Learned a level 3 spell: Conjure Flame
  1078 | D:2      | Learned a level 3 spell: Inner Flame
  1127 | D:2      | Reached skill level 5 in Spellcasting
  1260 | D:2      | Found a faded altar of an unknown god.
  1442 | D:2      | Reached skill level 1 in Invocations
  1888 | D:2      | Found a stormy altar of Qazlal.
  2477 | D:3      | Reached skill level 1 in Fighting
  2477 | D:3      | Reached skill level 1 in Short Blades
  2477 | D:3      | Reached skill level 1 in Long Blades
  2477 | D:3      | Reached skill level 1 in Axes
  2477 | D:3      | Reached skill level 1 in Maces & Flails
  2477 | D:3      | Reached skill level 1 in Polearms
  2477 | D:3      | Reached skill level 1 in Staves
  2477 | D:3      | Reached skill level 1 in Slings
  2477 | D:3      | Reached skill level 1 in Bows
  2477 | D:3      | Reached skill level 1 in Crossbows
  2477 | D:3      | Reached skill level 1 in Throwing
  2477 | D:3      | Reached skill level 1 in Armour
  2477 | D:3      | Reached skill level 1 in Shields
  2477 | D:3      | Reached skill level 1 in Unarmed Combat
  2477 | D:3      | Reached skill level 1 in Evocations
  2477 | D:3      | Reached XP level 4. HP: 32/32 MP: 0/11
  2559 | D:3      | Reached skill level 1 in Hexes
  2559 | D:3      | Reached skill level 1 in Summonings
  2559 | D:3      | Reached skill level 1 in Necromancy
  2559 | D:3      | Reached skill level 1 in Translocations
  2559 | D:3      | Reached skill level 1 in Transmutations
  2559 | D:3      | Reached skill level 1 in Ice Magic
  2559 | D:3      | Reached skill level 1 in Air Magic
  2559 | D:3      | Reached skill level 1 in Earth Magic
  2559 | D:3      | Reached skill level 1 in Poison Magic
  2849 | D:3      | Found a blossoming altar of Fedhas.
  2894 | D:3      | Reached XP level 5. HP: 37/37 MP: 8/12
  3221 | D:3      | Found an ornate altar of the Wu Jian Council.
  4045 | D:4      | Reached XP level 6. HP: 37/44 MP: 3/13
  4328 | D:4      | Learned a level 4 spell: Flame Wave
  4528 | D:4      | Reached skill level 5 in Dodging
  4603 | D:4      | Found a staircase to the Ecumenical Temple.
  4605 | D:4      | Found Cojenoats's Firing Range.
  4664 | Temple   | Entered the Ecumenical Temple
  4733 | D:4      | Noticed Edmund
  4746 | D:4      | HP: 1/44 [poisoned by Edmund]
  4747 | D:4      | Succumbed to Edmund's poison

Illustrated notes

Levels and vault maps discovered:
D:1:      dpeg_arrival_orchard, layout_rooms
D:2:      layout_loops_corners, chequers_ecumenical_altar_grove, basic_altar,
          serial_park_tiny_pond
D:3:      minmay_wonky_spiral, layout_basic, mainiacjoe_overflow_alcove_1,
          pdpol_wu_jian_five_deadly_venoms
D:4:      layout_cave_pools, mainiacjoe_overflow_paths,
          minmay_temple_entry_mini_moons, moated_statue,
          nicolae_shop_firing_range, uniq_edmund
Temple:   corrupted_temple

Skill      XL: |  1  2  3  4  5  6 |
---------------+-------------------+-----
Conjurations   | 2 |  2.6
Spellcasting   | 5 |  5.3
Invocations    | 1 2 |  2.1
Fighting       | 1 2 |  2.0
Short Blades   | 1 2 |  2.0
Long Blades    | 1 2 |  2.0
Axes           | 1 2 |  2.0
Maces & Flails | 1 2 |  2.0
Polearms       | 1 2 |  2.0
Staves         | 1 2 |  2.0
Slings         | 1 2 |  2.0
Bows           | 1 2 |  2.0
Crossbows      | 1 2 |  2.0
Throwing       | 1 2 |  2.0
Armour         | 1 2 |  2.0
Shields        | 1 2 |  2.0
Unarmed Combat | 1 2 |  2.0
Evocations     | 1 2 |  2.0
Hexes          | 1 |  1.5
Summonings     | 1 |  1.5
Necromancy     | 1 |  1.5
Translocations | 1 |  1.5
Transmutations | 1 |  1.5
Ice Magic      | 1 |  1.5
Air Magic      | 1 |  1.5
Earth Magic    | 1 |  1.5
Poison Magic   | 1 |  1.5
Dodging        | 5 |  5.0
Stealth        | |  4.6
Fire Magic     | |  5.6

Action                   |  1- 3 |  4- 6 || total
-------------------------+-------+-------++-------
Melee: Dagger            |     4 |     7 ||    11
       Bite              |     2 |     1 ||     3
       Unarmed           |     1 |       ||     1
 Cast: Foxfire           |   120 |   152 ||   272
 Stab: Sleeping          |       |     1 ||     1
Armor: Robe              |     3 |     6 ||     9
Dodge: Dodged            |    16 |    18 ||    34
